 Dungeon Crawl Stone Soup version 0.29-a0-284-gf9362112df (webtiles) character file.

Game seed: 3875485283349186207

112 sammy202020 the Skirmisher (level 4, 0/45 HPs)
             Began as a Troll Fighter on Mar 20, 2022.
             Slain by an adder (2 damage)
             ... in a sewer.
             The game lasted 00:03:22 (2111 turns).

sammy202020 the Skirmisher (Troll Fighter)          Turns: 2111, Time: 00:03:23

Health: 0/45       AC:  4    Str: 24    XL:     4   Next: 63%
Magic:  3/3        EV: 12    Int:  6    God:
Gold:   57         SH:  7    Dex:  9    Spells: 3/3 levels left

rFire   + . .      SeeInvis .     - Unarmed
rCold   + + .      Faith    .   b - +0 kite shield
rNeg    . . .      Spirit   .   a - +0 robe
rPois   .          Reflect  .   (helmet restricted)
rElec   .          Harm     .   d - scarf {rC+ rF+}
rCorr   .          Rampage  .   (gloves unavailable)
Will    .....                   (boots unavailable)
Stlth   +.........              (no amulet)
HPRegen 0.95/turn               f - ring of protection from cold
MPRegen 0.08/turn               j - +4 ring of evasion

@: mighty, lethally poisoned (0 -> -1)
A: large, unfitting armour, claws 3, regeneration 1, shaggy fur 1, tough skin 1
a: no special abilities


You were in a sewer.
You visited 1 branch of the dungeon, and saw 3 of its levels.
You also visited: Sewer.

You collected 57 gold pieces.

Inventory:

Hand Weapons
 m - a +0 mace
Armour
 a - a +0 robe (worn)
 b - a +0 kite shield (worn)
 d - a scarf of resistance (worn)
 l - a +0 cloak
Jewellery
 f - a ring of protection from cold (left claw)
 j - a +4 ring of evasion (right claw)
 o - a +4 ring of evasion
Scrolls
 g - 3 scrolls of immolation {unknown}
 k - a scroll of noise {unknown}
 n - a scroll of enchant armour {unknown}
 p - a scroll of identify
Potions
 c - 2 potions of might
 e - 3 potions of magic
 h - a potion of attraction {unknown}
 i - a potion of invisibility {unknown}


   Skills:
 * Level 3.2 Fighting
 + Level 2.9 Dodging
 + Level 2.8 Shields
 * Level 3.2 Unarmed Combat


You had 3 spell levels left.
You didn't know any spells.
Your spell library was empty.

Dungeon Overview and Level Annotations

Branches:
Dungeon (3/15)              Sewer (1/1)

Altars:

Shops:
D:1 (   D:2 :


Innate Abilities, Weirdness & Mutations

You are too large for most types of armour.
You have claws for hands.
Your natural rate of healing is unusually fast.
You are covered in fur. (AC +1)
You have tough skin. (AC +1)


Message History

The adder bites you but does no damage. The adder closely misses you.
The adder bites you but does no damage. You block the ball python's attack.
You mangle the ball python!!
You kill the ball python!
You feel sick. You block the adder's attack. The adder barely misses you.
The rat bites you but does no damage. x2; You block the adder's attack.
The adder misses you. You block the adder's attack.
You closely miss the ball python.
You feel sick. The adder misses you. You block the rat's attack.
The rat bites you but does no damage. The ball python closely misses you.
The adder completely misses you. The adder closely misses you.
You block the adder's attack.
You barely miss the ball python.
You feel sick. The ball python bites you.
* * * LOW HITPOINT WARNING * * *
The rat bites you.
* * * LOW HITPOINT WARNING * * *
You block the rat's attack. The adder bites you but does no damage.
The adder bites you.
* * * LOW HITPOINT WARNING * * *
The adder bites you but does no damage.
The ball python bites you but does no damage.
The rat bites you but does no damage.
You mangle the rat!!
You kill the rat!
You feel sick. You block the adder's attack. The adder completely misses you.
The adder bites you.
* * * LOW HITPOINT WARNING * * *
The ball python barely misses you. You block the adder's attack.
The adder barely misses you.
You claw the rat!
You kill the rat!
You feel sick. You block the adder's attack. You block the river rat's attack.
The adder barely misses you. The ball python closely misses you.
The adder barely misses you. You block the adder's attack.
You claw the rat!
You kill the rat!
You feel sick.
The adder bites you but does no damage. x2
The ball python bites you but does no damage.
The river rat bites you but does no damage.
The adder completely misses you. The adder bites you.
You die...

#####..
######
##.......
##....##
##........
#......#
#.......#
#..∩∩..#
##......#
#......#
#†SS...#
##.....#
##@rr≈.#
#≈≈≈≈≈≈#
#≈SS≈≈≈#
#≈≈≈≈≈≈#
#≈≈≈≈≈≈#
#≈≈≈≈≈≈#
#≈≈≈≈≈≈#
#≈≈≈≈≈≈#
#≈≈≈≈≈≈#
#≈≈≈≈≈≈#
#≈≈≈≈#≈#
#≈≈#≈≈≈#
#≈≈≈≈≈≈#
#≈≈≈≈≈≈#
#≈≈≈≈≈≈#
#≈.≈≈≈≈#
#≈≈≈≈≈≈#


You could see 3 adders, a river rat, a ball python and a rat.

Vanquished Creatures
  Crazy Yiuf (D:2)
  3 adders
  3 endoplasms
  6 giant cockroaches
  3 goblins (D:1)
  3 hobgoblins
  A jackal (D:1)
  3 quokkas
  8 ball pythons
  3 bats
  7 frilled lizards
  5 kobolds
  15 rats
61 creatures vanquished.

Notes
Turn   | Place    | Note
-------+----------+-------------------------------------------
     0 | D:1      | sammy202020 the Troll Fighter began the quest for the Orb.
     0 | D:1      | Reached XP level 1. HP: 22/22 MP: 0/0
   178 | D:1      | Found Iggijer's Weapon Shop.
   250 | D:1      | Reached XP level 2. HP: 26/29 MP: 1/1
   503 | D:1      | Found a faded altar of an unknown god.
   977 | D:2      | Reached XP level 3. HP: 36/36 MP: 2/2
  1142 | D:2      | Found Cicror's Book Boutique.
  1301 | D:2      | Found a runed translucent door.
  1302 | D:2      | Noticed Crazy Yiuf
  1310 | D:2      | Killed Crazy Yiuf
  1311 | D:2      | Reached XP level 4. HP: 45/45 MP: 3/3
  2004 | D:3      | Found a glowing drain.
  2022 | Sewer    | Entered a sewer
  2109 | Sewer    | HP: 2/45 [adder (1)]
  2111 | Sewer    | Slain by an adder

Illustrated notes

Levels and vault maps discovered:
D:1:      psy_arrival_radial02, layout_loops_corners, serial_shops,
          nicolae_shop_bloodbath_and_beyond, ebering_ecumenical_altar_abandoned,
          minmay_cupped
D:2:      layout_basic, serial_shops, shop_fountains, minivault_27,
          minmay_fountain_box, minivault_11, uniq_crazy_yiuf_cottage
D:3:      layout_basic, portal_sewer_entry_c, gammafunk_ghost_gnarly_gnolls,
          nicolae_concentric_dashed_squares_wild, supply_closet_lemuel
Sewer:    sewer_minmay_w

Skill      XL: |  1  2  3 |
---------------+----------+-----
Fighting       | 3 |  3.2
Unarmed Combat | 3 |  3.2
Dodging        | |  2.9
Shields        | |  2.8

Action                   |  1- 3 |  4- 6 || total
-------------------------+-------+-------++-------
Melee: Unarmed           |    72 |    68 ||   140
  Use: Scroll            |     2 |       ||     2
       Potion            |       |     1 ||     1
 Stab: Sleeping          |     1 |     1 ||     2
Armor: Robe              |    12 |    38 ||    50
Dodge: Dodged            |    22 |    64 ||    86
Block: Kite shield       |    20 |    46 ||    66

Table legend: (Time is in decaauts)
 A = Elapsed time spent in this place.
 B = Non-inter-level travel time spent in this place.
 C = Inter-level travel time spent in this place.
 D = Time resting spent in this place.
 E = Time spent auto-exploring this place.
 F = Levels seen in this place.
 G = Mean time per level.
                   A        B        C        D        E       F      G
               +--------+--------+--------+--------+--------+-----+--------+
         Total |   2150 |   2105 |     45 |      0 |   1756 |   4 |  537.5 |
       Dungeon |   2041 |   1996 |     45 |      0 |   1711 |   3 |  680.3 |
         Sewer |    108 |    108 |      0 |      0 |     45 |   1 |  108.0 |
               +--------+--------+--------+--------+--------+-----+--------+

Top non-repeatable levels by time:
     D:1: 953 daAuts
     D:2: 950 daAuts
     D:3: 138 daAuts
   Sewer: 108 daAuts
